 Dungeon Crawl Stone Soup version 0.20-a0-463-g5747544 (webtiles) character file.

130 mopl the Slasher (level 5, 1/38 HPs)
             Began as a Barachian Skald on Jan 10, 2017.
             Quit the game on level 5 of the Dungeon.
             The game lasted 00:02:42 (1214 turns).

mopl the Slasher (Barachian Skald)                  Turns: 1214, Time: 00:02:43

Health: 1/38       AC:  4    Str:  9    XL:     5   Next: 13%
Magic:  7/8        EV: 11    Int: 12    God:
Gold:   60         SH:  0    Dex: 11    Spells: 3/8 levels left

rFire  . . .     SeeInvis .     a - +1 falchion
rCold  . . .     Gourm    .     b - +0 leather armour
rNeg   . . .     Faith    .     (no shield)
rPois  .         Spirit   .     (no helmet)
rElec  .         Reflect  .     j - +0 cloak
rCorr  .         Harm     .     (no gloves)
MR     +....                    (no boots)
Stlth  +.........               (no amulet)
                                (no ring)
                                k - ring of protection from magic

@: lethally poisoned (1 -> -15), can't hop, drained, slow
A: swims, slowness 1, strong legs 1
a: Hop


You were on level 5 of the Dungeon.
You were not hungry.

You visited 1 branch of the dungeon, and saw 4 of its levels.

You collected 60 gold pieces.

Inventory:

Hand Weapons
 a - a +1 falchion (weapon)
Missiles
 h - 4 javelins (quivered)
Armour
 b - a +0 leather armour (worn)
 j - a +0 cloak (worn)
Jewellery
 k - a ring of protection from magic (left hand)
Scrolls
 e - 2 scrolls of identify
Books
 c - a book of Battle

   Spells                             Type                      Level
   a - Infusion                       Charms                       1
   b - Shroud of Golubria             Charms/Translocation         2
   c - Song of Slaying                Charms                       2
   d - Spectral Weapon                Hexes/Charms                 3
   e - Regeneration                   Charms/Necromancy            3
Comestibles
 d - a bread ration
 i - a royal jelly


   Skills:
 - Level 2.1(1.5) Fighting
 + Level 5.6(4.9) Long Blades
 - Level 1.1(0.4) Armour
 - Level 2.0(1.3) Dodging
 - Level 2.0(1.3) Spellcasting
 - Level 3.0(2.3) Charms


You had 3 spell levels left.
You knew the following spells:

 Your Spells              Type           Power        Failure   Level  Hunger
a - Infusion              Chrm           #...         17%         1    ##.....
b - Song of Slaying       Chrm           #.......     24%         2    ###....
f - Shroud of Golubria    Chrm/Tloc      #.........   38%         2    ###....


Dungeon Overview and Level Annotations

Branches:
Dungeon (5/15)
 Temple: D:4-7

Altars:


Innate Abilities, Weirdness & Mutations

You can swim through water.
You cover ground slowly.
You can hop short distances.


Message History

* * * LOW HITPOINT WARNING * * *
You are more poisoned.
The adder poisons you!
There is a stone staircase leading down here.
* * * LOW HITPOINT WARNING * * *
You feel sick. Something hits you but does no damage. The adder bites you.
* * * LOW HITPOINT WARNING * * *
You are more poisoned.
The adder poisons you!
The leopard gecko skeleton barely misses you.
You riposte.
You hit the leopard gecko skeleton.
The leopard gecko skeleton is heavily damaged.
You climb downwards.
* * * LOW HITPOINT WARNING * * *
You feel sick.
There is a stone staircase leading up here.
Okay, then.
Quiver which item? (- for none, * to show all) (? for menu, Esc to quit)
Okay, then.
Are you sure you want to abandon this character and quit the game? (Confirm with "yes".)

#.......#
#.......##
#........#
#........#
#........#
#........#
#..S.....#
#.@.......
#.{.....##
#.......#
#...#####
#.### ##


You could see an adder.

Vanquished Creatures
  A howler monkey (D:4)
  An orc wizard (D:4)
  A worker ant (D:4)
  A gnoll (D:2)
  A worm (D:2)
  A dart slug (D:1)
  2 leopard geckos (D:2)
  An orc (D:4)
  3 bats
  A giant cockroach (D:1)
  4 goblins
  A hobgoblin (D:2)
  4 jackals (D:4)
  3 frilled lizards (D:1)
  3 kobolds
  2 rats
30 creatures vanquished.

Notes
Turn   | Place    | Note
-------+----------+-------------------------------------------
     0 | D:1      | mopl the Barachian Skald began the quest for the Orb.
     0 | D:1      | Reached XP level 1. HP: 16/16 MP: 3/3
   187 | D:1      | Reached XP level 2. HP: 20/22 MP: 5/5
   191 | D:1      | Learned a level 2 spell: Song of Slaying
   194 | D:1      | Learned a level 2 spell: Shroud of Golubria
   214 | D:1      | Reached skill level 3 in Long Blades
   714 | D:2      | Reached XP level 3. HP: 21/27 MP: 0/6
   905 | D:2      | Reached skill level 4 in Long Blades
   987 | D:2      | You fall through a shaft for 2 floors!
  1000 | D:4      | Reached XP level 4. HP: 5/33 MP: 0/7
  1162 | D:4      | Reached skill level 5 in Long Blades
  1195 | D:4      | Reached XP level 5. HP: 20/38 MP: 4/8
  1212 | D:4      | HP: 1/38 [adder (2)]
  1213 | D:5      | Entered Level 5 of the Dungeon
  1214 | D:5      | Quit the game

Vault maps used:
D:1:      ncdulo_halloftheorcs
D:2:      minmay_tree_intersection, columned_hall_lemuel
D:4:      marbit_many_paths, tgw_sif, gammafunk_temple_overflow_statue,
          first_bread, serial_shops, shop, uniq_robin
D:5:      old_standard_altar, uniq_blork_the_orc

Skill      XL: |  1  2  3  4 |
---------------+-------------+-----
Long Blades    | 3 4 5 |  5.6
Fighting       | |  2.1
Armour         | |  1.1
Dodging        | |  2.0
Spellcasting   | |  2.0
Charms         | |  3.0

Action                   |  1- 3 |  4- 6 || total
-------------------------+-------+-------++-------
Melee: Falchion          |    80 |    23 ||   103
 Cast: Infusion          |     5 |     2 ||     7
 Abil: Hop               |       |     1 ||     1
  Use: Scroll            |     2 |     3 ||     5
       Potion            |       |     2 ||     2
  Eat: Chunk             |     1 |     1 ||     2
Armor: Leather armour    |    30 |     6 ||    36
Dodge: Dodged            |    64 |    29 ||    93
       Rpst.: Falchion   |    25 |     8 ||    33
